 Dungeon Crawl Stone Soup version 0.28-a0-1236-gb25a51b929 (webtiles) character file.

Game seed: 9772838043574248556

154 croobank the Chopper (level 5, -1/45 HPs)
             Began as a Troll Air Elementalist on Dec 26, 2021.
             Was a Believer of Trog.
             Slain by Pikel (2 damage)
             ... on level 3 of the Dungeon.
             The game lasted 00:16:24 (2386 turns).

croobank the Chopper (Troll Air Elementalist)       Turns: 2386, Time: 00:16:24

Health: -1/45      AC:  4    Str: 18    XL:     5   Next: 13%
Magic:  6/6        EV: 10    Int: 11    God:    Trog [**....]
Gold:   169        SH:  0    Dex: 10    Spells: 5/6 levels left

rFire   . . .      SeeInvis .   a - +3 whip
rCold   . . .      Faith    .   (no shield)
rNeg    . . .      Spirit   .   n - +0 robe
rPois   .          Reflect  .   (helmet restricted)
rElec   .          Harm     +   q - scarf {harm}
rCorr   .          Rampage  .   (gloves unavailable)
Will    .....                   (boots unavailable)
Stlth   +.........              h - amulet of regeneration
HPRegen 1.75/turn               (no ring)
MPRegen 0.10/turn               (no ring)

@: no status effects
A: large, unfitting armour, claws 3, regeneration 1, shaggy fur 1, tough skin 1
a: Renounce Religion, Berserk, Trog's Hand


You were on level 3 of the Dungeon.
You worshipped Trog.
Trog was pleased with you.
You visited 1 branch of the dungeon, and saw 4 of its levels.

You collected 229 gold pieces.
You spent 60 gold pieces at shops.

Inventory:

Hand Weapons
 a - a +3 whip (weapon)
 b - a +0 hunting sling
 c - a +0 war axe
 f - a +0 dagger
 m - a +0 short sword
Missiles
 d - 4 curare-tipped darts (quivered)
 e - 2 throwing nets
 k - 62 stones
 l - 36 poisoned darts
 s - 13 sling bullets
Armour
 n - a +0 robe (worn)
 q - a scarf of harm (worn)
Magical Staves
 r - a staff of cold
Jewellery
 h - an amulet of regeneration (around neck)
 o - an amulet of faith
Scrolls
 g - a scroll of teleportation
 p - a scroll of immolation
Potions
 i - a potion of lignification {unknown}
 j - a potion of berserk rage {unknown}
 t - a potion of curing
 u - 2 potions of invisibility {unknown}
 v - a potion of heal wounds


   Skills:
 + Level 3.4 Axes
 - Level 1.9 Dodging
 - Level 1.2 Stealth
 - Level 1.3 Spellcasting
 - Level 0.9 Conjurations
 - Level 2.0 Air Magic


You had 5 spell levels left.
You knew the following spells:

 Your Spells              Type           Power      Damage    Failure   Level
a - Shock                 Conj/Air       16%        1d4       17%         1

Your spell library contained the following spells:

 Spells                   Type           Power      Damage    Failure   Level
 Magic Dart               Conj           8%         1d3       22%         1
 Static Discharge         Conj/Air       4%         N/A       26%         2
 Searing Ray              Conj           4%         2d4       32%         2
 Swiftness                Air            5%         N/A       36%         3
 Airstrike                Air            2%         N/A       78%         4
 Fulminant Prism          Conj/Hex       0%         3d6       95%         4


Dungeon Overview and Level Annotations

Branches:
Dungeon (4/15)
 Temple: D:4-7

Altars:
Trog

Shops:
D:2 !

Annotations:
D:3 Pikel
D:4 Dowan, Duvessa


Innate Abilities, Weirdness & Mutations

You are too large for most types of armour.
You have claws for hands.
Your natural rate of healing is unusually fast.
You are covered in fur. (AC +1)
You have tough skin. (AC +1)


Message History

Pikel misses you.
You barely miss Pikel.
Pikel is heavily wounded.
Pikel hits you with a +2 whip of flaming.
Pikel burns you.
You closely miss Pikel.
Pikel is heavily wounded.
Pikel says, "I'm sure the Orcish Mines are around here somewhere..."
Pikel hits you with a +2 whip of flaming!
Pikel burns you.
You hit Pikel but do no damage.
Pikel is heavily wounded.
Pikel barely misses you.
You closely miss Pikel.
Pikel is heavily wounded.
Pikel says, "You'll make a fine lemure."
Pikel hits you with a +2 whip of flaming.
Pikel burns you.
You hit Pikel.
Pikel is severely wounded.
Pikel says, "All the lords of Hell know my name!"
Pikel hits you with a +2 whip of flaming.
Pikel burns you.
* * * LOW HITPOINT WARNING * * *
You barely miss Pikel.
Pikel is severely wounded.
Pikel hits you with a +2 whip of flaming.
* * * LOW HITPOINT WARNING * * *
Pikel burns you.
* * * LOW HITPOINT WARNING * * *
You hit Pikel but do no damage.
Pikel is severely wounded.
Pikel hits you with a +2 whip of flaming!
Pikel burns you.
* * * LOW HITPOINT WARNING * * *
Pikel says, "Dispater doesn't talk much, but I know they dig me."
Pikel hits you with a +2 whip of flaming!
* * * LOW HITPOINT WARNING * * *
Pikel burns you.
You die...

###.#....................##......
#.....#........).......##......
#######.#.##...........###.....
#.#.##...........###.####
#.#.##...........+...# # #####
#.#.##.........[.##### #
....#####.#.##...........#
###.#...#.#.##############
#...#.#.#.#...@.######
##..#.#.#.#....K.....#
#..#.#.#.#..........#
##.#.#.#.#..........#
#####...#.#.#..........#
............#.....#'####
........#.###.....#.# #####
......#.....+.....#.# #....
......#...###.....#'### #.###


You could see Pikel.

Vanquished Creatures
  2 adders (D:2)
  7 gnolls
  2 worms (D:3)
  7 ball pythons
  6 bats
  8 endoplasms
  A giant cockroach (D:2)
  8 goblins
  4 hobgoblins
  2 quokkas (D:1)
  3 frilled lizards
  9 kobolds
  4 rats
63 creatures vanquished.

Vanquished Creatures (others)
  4 toadstools (D:3)
4 creatures vanquished.

Grand Total: 67 creatures vanquished

Notes
Turn   | Place    | Note
-------+----------+-------------------------------------------
     0 | D:1      | croobank the Troll Air Elementalist began the quest for the
                  | Orb.
     0 | D:1      | Reached XP level 1. HP: 16/16 MP: 1/1
   219 | D:1      | Reached XP level 2. HP: 24/24 MP: 0/3
   282 | D:1      | Found a faded altar of an unknown god.
   288 | D:1      | Prayed at the altar of an unknown god.
   288 | D:1      | Became a worshipper of Trog the Wrathful
   288 | D:1      | Reached * piety under Trog
   719 | D:2      | Reached skill level 1 in Axes
   742 | D:2      | Reached XP level 3. HP: 8/31 MP: 4/4
   977 | D:2      | Reached ** piety under Trog
   982 | D:2      | Reached skill level 2 in Axes
  1062 | D:2      | Reached XP level 4. HP: 39/39 MP: 5/5
  1337 | D:2      | Found Domyrorgh's Distillery.
  1532 | D:3      | Reached skill level 3 in Axes
  1547 | D:3      | Reached XP level 5. HP: 9/45 MP: 6/6
  2247 | D:2      | Bought a potion of heal wounds for 60 gold pieces
  2292 | D:4      | Noticed Duvessa
  2292 | D:4      | Noticed Dowan
  2292 | D:4      | Noticed Pikel
  2292 | D:4      | Noticed a lemure
  2292 | D:4      | Noticed a lemure
  2292 | D:4      | Noticed a lemure
  2293 | D:4      | Noticed a lemure
  2386 | D:3      | HP: 1/45 [Pikel (13)]
  2386 | D:3      | Slain by Pikel

Illustrated notes

Levels and vault maps discovered:
D:1:      dpeg_arrival_tiny_j, layout_basic, nicolae_ecumenical_snake_handling,
          chequers_arboretum, minmay_misc_feat_tiny
D:2:      layout_basic, serial_shops, shop
D:3:      layout_basic, minmay_gold_behind_fungi
D:4:      layout_rooms, mainiacjoe_overflow_alcove_1, ebering_ghost_rock_garden,
          kennysheep_small_circle, uniq_duvessa, uniq_grinder, uniq_pikel

Skill      XL: |  1  2  3  4 |
---------------+-------------+-----
Axes           | 1 2 3 |  3.4
Dodging        | |  1.9
Stealth        | |  1.2
Spellcasting   | |  1.3
Conjurations   | |  0.9
Air Magic      | |  2.0

Action                   |  1- 3 |  4- 6 || total
-------------------------+-------+-------++-------
Melee: War axe           |    37 |       ||    37
       Unarmed           |    49 |       ||    49
       Dagger            |    53 |       ||    53
       Whip              |    35 |   109 ||   144
 Fire: Hunting sling     |       |     1 ||     1
Throw: Dart              |     1 |     1 ||     2
 Cast: Shock             |     2 |       ||     2
  Use: Potion            |     4 |       ||     4
       Scroll            |     3 |     1 ||     4
 Stab: Sleeping          |     1 |       ||     1
Armor: Robe              |    96 |    19 ||   115
Dodge: Dodged            |   118 |    51 ||   169

Table legend: (Time is in decaauts)
 A = Elapsed time spent in this place.
 B = Non-inter-level travel time spent in this place.
 C = Inter-level travel time spent in this place.
 D = Time resting spent in this place.
 E = Time spent auto-exploring this place.
 F = Levels seen in this place.
 G = Mean time per level.
                   A        B        C        D        E       F      G
               +--------+--------+--------+--------+--------+-----+--------+
         Total |   2392 |   2241 |    151 |    172 |   1094 |   4 |  598.0 |
       Dungeon |   2392 |   2241 |    151 |    172 |   1094 |   4 |  598.0 |
               +--------+--------+--------+--------+--------+-----+--------+

Top non-repeatable levels by time:
     D:1: 929 daAuts
     D:3: 808 daAuts
     D:2: 623 daAuts
     D:4: 31 daAuts
